 Dungeon Crawl Stone Soup version 0.31-a0-190-g4feb4907b2 (webtiles) character file.

Game seed: 8958321646771522249

46 qw the Shooter (level 3, 0/20 HPs)
             Began as a Deep Elf Hunter on June 23, 2023.
             Succumbed to their own poison gas
             ... on level 1 of the Dungeon.
             The game lasted 00:00:18 (578 turns).

qw the Shooter (Deep Elf Hunter)                     Turns: 578, Time: 00:00:18

Health: 0/20       AC:  4    Str: 10    XL:     3   Next: 46%
Magic:  5/5        EV: 12    Int: 13    God:
Gold:   76         SH:  0    Dex: 18    Spells: 2/2 levels left

rFire   . . .        Y - +0 shortbow
rCold   . . .        (shield currently unavailable)
rNeg    . . .        c - +0 leather armour
rPois   .            (no helmet)
rElec   .            (no cloak)
rCorr   .            g - +0 pair of gloves {Stlth+}
SInv    .            (no boots)
Will    .....        (no amulet)
Stlth   +++          (no ring)
HPRegen 0.23/turn    (no ring)
MPRegen 0.09/turn

%: no passive effects
@: lethally poisoned (0 -> -12)
A: no striking features
a: no special abilities


You were on level 1 of the Dungeon.
You visited 1 branch of the dungeon, and saw 1 of its levels.

You collected 76 gold pieces.


   Skills:
 - Level 1.5 Fighting
 + Level 7.0 Ranged Weapons
 - Level 2.4 Dodging
 - Level 1.2 Stealth


You had 2 spell levels left.
You didn't know any spells.
Your spell library was empty.

Inventory:

Hand Weapons
 Y - a +0 shortbow (weapon)
Armour
 c - a +0 leather armour (worn)
 g - a +0 pair of gloves of stealth (worn)
Potions
 e - a potion of degeneration {unknown}
 f - a potion of curing {unknown}

Dungeon Overview and Level Annotations

Branches:
Dungeon (1/15)

Altars:


Message History

You finish putting on your +0 pair of gloves of stealth.
You feel stealthy.
Done exploring.
572 ||| READING 2 scrolls labelled KUOWYS CEAD.
The air fills with toxic fumes!
As you read the scroll labelled KUOWYS CEAD, it crumbles to dust.
It was a scroll of poison.
Done exploring.
573 ||| READING scroll labelled WODONA ESID.
As you read the scroll labelled WODONA ESID, it crumbles to dust.
It is a scroll of identify.
Really abort (and waste the scroll)?
Done exploring.
574 ||| DROPPING scroll of poison.
You drop a scroll of poison.
Done exploring.
575 ||| DROPPING scroll of butterflies.
You drop a scroll of butterflies.
Done exploring.
(D) Dungeon
Where to? (* - list waypoints, ? - help)
What level of the Dungeon? (default 1, ? - help) Sorry, I don't know how to get there.
Enter note:
Enter note:
Enter note:
Enter note:
Enter note:
Enter note:
Enter note:
Enter note:
Enter note: Really walk into that cloud of poison gas?
You are engulfed in poison gas.
You are lethally poisoned!
You feel very sick.
577 ||| Stepping ~*~*~tactically~*~*~ (cloud).
You feel very sick.
Things that are here:
a scroll of butterflies; a scroll of poison
There is a lethal amount of poison in your body!
You die...

..####........#..................
.)..######.##.....¤#######.......
.....###.¤.....###¤# ###...##
.........#0######¤¤# #...#.
.........0¤¤¤¤###¤#### #...#.
....######¤¤¤¤¤¤¤¤¤¤¤#######.....
.....##....#¤¤¤¤0¤¤¤¤¤0...%......
..##......##0¤¤0¤¤¤¤¤###########.
..####...#######@¤¤¤¤# #. ..#
##..#7.7.7#¤¤¤¤¤# #. .)#
#..#.7.7.#¤¤0¤¤# #. #.#
#..#.....#0¤¤¤¤# ## ###
#..#77.77#¤¤¤¤0# #..###'# #¤¤¤0¤#
#...##.# ####### #......#
########


There were no monsters in sight!

Vanquished Creatures
  A gnoll (D:1)
  4 dart slugs (D:1)
  2 endoplasms (D:1)
  A giant cockroach (D:1)
  3 goblins (D:1)
  3 jackals (D:1)
  3 kobolds (D:1)
  A ball python (D:1)
  7 bats (D:1)
  2 frilled lizards (D:1)
  3 rats (D:1)
30 creatures vanquished.

Notes
Turn   | Place    | Note
-------+----------+-------------------------------------------
     0 | D:1      | qw the Deep Elf Hunter began the quest for the Orb.
     0 | D:1      | Reached XP level 1. HP: 12/12 MP: 3/3
     0 | D:1      | 0 ||| qw: Version: 0.3-a-9-g12657ce
     0 | D:1      | 0 ||| qw: Game counter: 4534
     0 | D:1      | 0 ||| qw: Always use a shield: true
     0 | D:1      | 0 ||| qw: God list: Okawaru
     0 | D:1      | 0 ||| qw: Allow faded altars: false
     0 | D:1      | 0 ||| qw: Do Orc after D:15 true
     0 | D:1      | 0 ||| qw: Do second Lair branch before Depths: true
     0 | D:1      | 0 ||| qw: Lair rune preference: random
     0 | D:1      | 0 ||| qw: Plans: Normal
     0 | D:1      | 0 ||| PLANNING D:1-11
    99 | D:1      | Reached skill level 6 in Ranged Weapons
    99 | D:1      | Reached XP level 2. HP: 15/16 MP: 4/4
   186 | D:1      | Found a faded altar of an unknown god.
   226 | D:1      | Reached XP level 3. HP: 20/20 MP: 5/5
   425 | D:1      | Reached skill level 7 in Ranged Weapons
   567 | D:1      | 567 ||| UPGRADING to +0 pair of gloves of stealth.
   572 | D:1      | 572 ||| READING 2 scrolls labelled KUOWYS CEAD.
   573 | D:1      | 573 ||| READING scroll labelled WODONA ESID.
   574 | D:1      | 574 ||| DROPPING scroll of poison.
   575 | D:1      | 575 ||| DROPPING scroll of butterflies.
   577 | D:1      | 577 ||| Stepping ~*~*~tactically~*~*~ (cloud).
   577 | D:1      | HP: 3/20 [poisoned by you (poison gas)]
   578 | D:1      | Succumbed to their own poison gas

Levels and vault maps discovered:
D:1:      amcnicky_arrival_feature_with_door, layout_rooms,
          chequers_ecumenical_altar_island, chequers_arboretum

Skill      XL: |  1  2  3 |
---------------+----------+-----
Ranged Weapons | 6 7 |  7.0
Fighting       | |  1.5
Dodging        | |  2.4
Stealth        | |  1.2

Action                     || total
---------------------------++-------
   Fire: Shortbow          ||    72
    Use: Scroll            ||     2
 Armour: Leather armour    ||     2
  Dodge: Dodged            ||     4

Table legend:
 A = Non-vault XP
 B = Vault XP
 C = Vault XP percentage of total XP
 D = Non-vault monster count
 E = Vault monster count
 F = Vault count percentage of total count
                 A         B        C        D         E       F
            +---------+---------+-------+---------+---------+-------
      Total |      67 |       0 |   0.0 |      30 |       0 |   0.0
            +---------+---------+-------+---------+---------+-------
        D:1 |      67 |       0 |   0.0 |      30 |       0 |   0.0
            +---------+---------+-------+---------+---------+-------
